 Dungeon Crawl Stone Soup version 0.27.1-3-gb3d3a73c9e (webtiles) character file.

Game seed: 14752211535870352767

614 barney the Transmogrifier (level 7, 0/52 HPs)
             Began as a Green Draconian Transmuter on Oct 5, 2021.
             Killed by nerve-wracking pain
             ... invoked by Menkaure
              (3 damage)
             ... on level 5 of the Dungeon.
             The game lasted 00:06:26 (7748 turns).

barney the Transmogrifier (DrTm)                    Turns: 7748, Time: 00:06:27

Health: 0/52       AC:  2    Str: 12 (13) XL:     7   Next: 20%
Magic:  8/10       EV: 19    Int: 13 (15) God:
Gold:   273        SH:  0    Dex: 15 (16) Spells: 5/10 levels left

rFire    . . .     SeeInvis .     - Unarmed
rCold    . . .     Faith    .   (shield currently unavailable)
rNeg     . . .     Spirit   .   (armour unavailable)
rPois    x         Reflect  .   (helmet currently unavailable)
rElec    .         Harm     .   (cloak currently unavailable)
rCorr    .         Rampage  .   (gloves currently unavailable)
Will     .....                  (boots currently unavailable)
Stlth    +.........             (no amulet)
HPRegen  0.17/turn              (no ring)
MPRegen  0.12/turn              (no ring)

@: spider-form
A: venomous fangs, (breathe noxious fumes), AC +6, tiny, unfitting armour,
(poison resistance), (cold-blooded), (stinger 1)
a: End Transformation


You were on level 5 of the Dungeon.
You were a venomous arachnid creature.
You visited 1 branch of the dungeon, and saw 5 of its levels.

You collected 273 gold pieces.

Inventory:

Missiles
 d - a throwing net
Armour
 b - a +0 pair of boots (melded)
 p - a +2 cloak (melded)
Magical Staves
 k - a staff of death
Jewellery
 r - a ring of resist corrosion
Wands
 v - a wand of paralysis (6)
Scrolls
 a - a scroll of noise
 e - a scroll of fear
 o - a scroll of identify
Potions
 g - a potion of flight
 m - 3 potions of resistance
 q - a potion of degeneration
 t - a potion of magic
 u - a potion of attraction


   Skills:
 - Level 1.1 Fighting
 - Level 1.7 Dodging
 - Level 3.0 Unarmed Combat
 - Level 2.0 Spellcasting
 + Level 8.1 Transmutations


You had 5 spell levels left.
You knew the following spells:

 Your Spells              Type           Power      Damage    Failure   Level
b - Spider Form           Tmut/Pois      5%         N/A       32%         3
c - Wereblood             Tmut           22%        N/A       6%          2

Your spell library contained the following spells:

 Spells                   Type           Power      Damage    Failure   Level
 Beastly Appendage        Tmut           44%        N/A       4%          1
 Passwall                 Tmut/Erth      9%         N/A       21%         2
 Slow                     Hex            1%         N/A       58%         2
 Ice Form                 Ice/Tmut       11%        N/A       65%         4
 Confusing Touch          Hex            1%         N/A       78%         3
 Swiftness                Air            1%         N/A       78%         3
 Vampiric Draining        Necr           0%         2d6       78%         3
 Invisibility             Hex            0%         N/A       100%        6


Dungeon Overview and Level Annotations

Branches:
Dungeon (5/15)
 Temple: D:4-7

Altars:
Dithmenos
Elyvilon

Shops:
D:3 *

Annotations:
D:5 Menkaure


Innate Abilities, Weirdness & Mutations

You are a venomous arachnid creature.
You have poisonous fangs.
You are tiny and dextrous.
Your spellcasting is less reliable in this form.
Your armour is entirely melded.
You are incapable of wielding weapons or throwing items.
((You can breathe blasts of noxious fumes.))
((Your lurid green scales are hard. (AC +6)))
You cannot fit into any form of body armour.
((Your system is resistant to poisons. (rPois)))
((You are cold-blooded and may be slowed by cold attacks.))
((Your tail ends in a poisonous barb.))


Message History

Menkaure gestures wildly while chanting.
Menkaure seems to speed up.
Menkaure is nearby!
Menkaure is nearby!
Okay, then.
Okay, then.
Okay, then.
Casting: Spider Form (dangerous; 14% risk of failure)
Confirm with . or Enter, or press ? or * to list all spells.
You turn into a venomous arachnid creature.
Your +2 cloak melds into your body.
Your +0 pair of boots melds into your body.
Menkaure shouts, "The sands of time shall wipe you from history!"
Menkaure hits you.
You hit Menkaure.
Menkaure is lightly damaged.
Menkaure calls on the powers of darkness!
Your body is wracked with pain!
You hit Menkaure.
Menkaure is moderately damaged.
Menkaure misses you.
You hit Menkaure but do no damage.
Menkaure is moderately damaged.
Menkaure completely misses you.
You hit Menkaure.
Menkaure is moderately damaged.
Menkaure sighs drily.
Menkaure completely misses you. x2
You hit Menkaure but do no damage.
Menkaure is moderately damaged.
Menkaure hits you!!
* * * LOW HITPOINT WARNING * * *
Unknown command.
Okay, then.
Okay, then.
Menkaure calls on the powers of darkness!
You feel a surge of unholy energy.
Menkaure points at you and mumbles some strange words.
Pain shoots through your body!
You die...

*,#......#,** *,,,,........#
*,#......#..* *,,,,........# #
#,#......##.* *,,,,........# #
#.#......##.#**,..,......§.# #
*,.......#...,,..#*******#§# #
#######....##.#.###.# #M###
..................#.# #§§§§
#############.##..#.# #####
............#.#.s...####### #.
###########'#.##.##.......# #.
*,............M..........# #.
*,...........###.#.......######.
*,...........# #.#.......#......
*,...........# #................
**########'### ##...............
#.# #......._8_.....
****#######'## #.[.............


You could see Menkaure (fast).

Vanquished Creatures
  A hornet zombie (D:5)
  A scorpion (D:5)
  2 jellies
  4 orc priests
  3 iguanas
  A hound skeleton (D:4)
  4 adders
  3 gnolls (D:3)
  3 adder skeletons (D:4)
  2 worms (D:4)
  3 dart slugs (D:2)
  10 orcs
  14 ball pythons
  5 endoplasms
  2 giant cockroaches
  12 goblins
  12 hobgoblins
  9 jackals (D:1)
  4 quokkas
  5 bats
  3 frilled lizards
  11 kobolds
  8 rats
122 creatures vanquished.

Vanquished Creatures (others)
  2 plants (D:4)
2 creatures vanquished.

Grand Total: 124 creatures vanquished

Notes
Turn   | Place    | Note
-------+----------+-------------------------------------------
     0 | D:1      | barney the Draconian Transmuter began the quest for the
                  | Orb.
     0 | D:1      | Reached XP level 1. HP: 16/16 MP: 3/3
    95 | D:1      | Reached XP level 2. HP: 12/23 MP: 3/5
   514 | D:1      | Reached skill level 3 in Transmutations
   648 | D:1      | Found a faded altar of an unknown god.
   656 | D:1      | Reached XP level 3. HP: 12/28 MP: 4/6
   721 | D:1      | Learned a level 3 spell: Spider Form
   724 | D:1      | Learned a level 2 spell: Wereblood
  1296 | D:2      | Reached skill level 4 in Transmutations
  1783 | D:2      | Reached XP level 4. HP: 35/35 MP: 5/7
  2418 | D:3      | Found Jaih's General Store.
  3299 | D:3      | Reached skill level 5 in Transmutations
  3651 | D:3      | Reached XP level 5. HP: 38/40 MP: 6/8
  4592 | D:4      | HP: 2/40 [acid (8)]
  4594 | D:4      | Reached skill level 6 in Transmutations
  5356 | D:4      | Reached XP level 6. HP: 47/47 MP: 5/9
  6394 | D:5      | Entered Level 5 of the Dungeon
  6433 | D:5      | Found a shadowy altar of Dithmenos.
  6435 | D:5      | Found a white marble altar of Elyvilon.
  6576 | D:5      | Reached skill level 7 in Transmutations
  7077 | D:5      | Your scales start taking on a lurid green colour.
  7077 | D:5      | Reached XP level 7. HP: 33/52 MP: 4/10
  7077 | D:5      | Gained mutation: Your system is resistant to poisons.
                  | (rPois) [Green Draconian growth]
  7115 | D:5      | Noticed Menkaure
  7242 | D:5      | Gained mutation: Your tail ends in a poisonous barb.
                  | [potion of mutation]
  7248 | D:5      | Reached skill level 8 in Transmutations
  7748 | D:5      | Killed from afar by Menkaure

Illustrated notes

Levels and vault maps discovered:
D:1:      minmay_arrival_stair_chambers, layout_rooms,
          hellmonk_ecumenical_altar_dog_temple, minmay_pentomino_w4
D:2:      layout_basic
D:3:      layout_loops_ring, serial_shops, nicolae_shop_trees,
          minmay_shallow_snake_nest
D:4:      layout_loops_ring, corexii_shack, minmay_close_crescents
D:5:      layout_basic, chequers_temple_overflow_statue_of_worship,
          uniq_menkaure

Skill      XL: |  1  2  3  4  5  6  7 |
---------------+----------------------+-----
Transmutations | 3 4 5 6 7 8 |  8.1
Fighting       | |  1.1
Dodging        | |  1.7
Unarmed Combat | |  3.0
Spellcasting   | |  2.0

Action                   |  1- 3 |  4- 6 |  7- 9 || total
-------------------------+-------+-------+-------++-------
Melee: Unarmed           |   121 |   234 |    12 ||   367
       Headbutt          |    16 |     7 |       ||    23
       Kick              |    18 |    12 |       ||    30
       Tailslap          |    10 |     8 |       ||    18
       Punch             |     1 |       |       ||     1
 Cast: Beastly Appendage |    18 |    19 |       ||    37
       Spider Form       |       |    24 |     2 ||    26
       Wereblood         |       |     3 |       ||     3
  Use: Potion            |     2 |     4 |     7 ||    13
       Scroll            |       |     2 |     6 ||     8
 Stab: Sleeping          |     1 |       |       ||     1
Armor: Skin              |    52 |    47 |     7 ||   106
Dodge: Dodged            |    81 |   155 |     6 ||   242
